 Dungeon Crawl Stone Soup version 0.29.1-13-g9f3cf754e1 (webtiles) character file.

Game seed: 8113836909876724975

561 protoss039 the Digger (level 7, -2/54 HPs)
             Began as a Demonspawn Earth Elementalist on Feb 11, 2023.
             Slain by a kobold brigand
             ... wielding a +0 short sword
              (7 damage)
             ... on level 3 of the Dungeon.
             The game lasted 00:08:03 (2761 turns).

protoss039 the Digger (DsEE)                        Turns: 2761, Time: 00:08:04

Health: -2/54      AC:  2    Str:  8    XL:     7   Next: 9%
Magic:  1/13       EV: 12    Int: 19    God:
Gold:   179        SH:  0    Dex: 13    Spells: 11/14 levels left

rFire   . . .      SeeInvis .   i - +0 dagger (venom)
rCold   . . .      Faith    .   (no shield)
rNeg    . . .      Spirit   .   a - +0 robe
rPois   .          Reflect  .   (no helmet)
rElec   .          Harm     .   (no cloak)
rCorr   .          Rampage  .   (no gloves)
Will    .....                   (no boots)
Stlth   ++........              h - amulet of regeneration
HPRegen 0.98/turn               (no ring)
MPRegen 0.13/turn               (no ring)

@: no status effects
A: demonic touch 2
a: no special abilities


You were on level 3 of the Dungeon.
You visited 1 branch of the dungeon, and saw 3 of its levels.

You collected 179 gold pieces.

Inventory:

Hand Weapons
 i - a +0 dagger of venom (weapon)
Armour
 a - a +0 robe (worn)
Jewellery
 h - an amulet of regeneration (around neck)
Wands
 n - a wand of quicksilver (5)
Scrolls
 c - 2 scrolls of noise
 e - a scroll of fog {unknown}
 f - a scroll of vulnerability {unknown}
 g - 4 scrolls of poison
 j - a scroll of identify
 p - a scroll of immolation {unknown}
 q - a scroll of blinking {unknown}
 r - a scroll of enchant weapon {unknown}
Potions
 b - 2 potions of magic
 d - 2 potions of heal wounds
 k - a potion of invisibility {unknown}
 l - 2 potions of curing {unknown}
 m - a potion of flight {unknown}
 o - a potion of brilliance
 s - a potion of mutation {unknown}


   Skills:
 + Level 4.1 Fighting
 - Level 1.7 Dodging
 - Level 1.7 Stealth
 + Level 4.4 Spellcasting
 - Level 0.8 Transmutations
 + Level 4.8 Earth Magic


You had 11 spell levels left.
You knew the following spells:

 Your Spells              Type           Power      Damage    Failure   Level
a - Sandblast             Erth           44%        2d11      1%          1
b - Passwall              Tmut/Erth      11%        N/A       6%          2

Your spell library contained the following spells:

 Spells                   Type           Power      Damage    Failure   Level
 Slow                     Hex            16%        N/A       13%         1
 Stone Arrow              Conj/Erth      26%        3d8       14%         3
 Ensorcelled Hibernation  Hex/Ice        8%         N/A       21%         2
 Confusing Touch          Hex            4%         N/A       36%         3
 Swiftness                Air            4%         N/A       36%         3
 Vampiric Draining        Necr           4%         2d6       36%         3
 Petrify                  Tmut/Erth      14%        N/A       38%         4


Dungeon Overview and Level Annotations

Branches:
Dungeon (3/15) Zot: 15186

Altars:
Cheibriados


Innate Abilities, Weirdness & Mutations

Your touch may inflict irresistible damage on your foes.


Message History

Unknown command.
You barely miss the kobold brigand.
You touch the kobold brigand!
You punch the kobold brigand, but do no damage.
The kobold brigand is heavily wounded.
The kobold brigand hits you with a +0 short sword.
* * * LOW HITPOINT WARNING * * *
You hit the kobold brigand but do no damage.
The kobold brigand is poisoned.
Your touch misses the kobold brigand.
The kobold brigand is heavily wounded.
The kobold brigand hits you with a +0 short sword.
* * * LOW HITPOINT WARNING * * *
You feel much better.
The kobold brigand hits you with a +0 short sword!
Unknown command.
You closely miss the kobold brigand.
The kobold brigand is severely wounded.
The kobold brigand hits you but does no damage.
You hit the gnoll but do no damage.
The gnoll is poisoned.
Your touch misses the gnoll. The gnoll hits you with a +0 club.
You hit the gnoll but do no damage.
The gnoll looks even sicker.
You touch the gnoll!
Your punch misses the gnoll.
The gnoll is severely wounded.
The gnoll hits you with a +0 club!
You closely miss the gnoll.
The gnoll is almost dead.
You kill the gnoll!
You closely miss the kobold brigand. Your touch misses the kobold brigand.
The kobold brigand is almost dead.
The kobold brigand hits you with a +0 short sword!
* * * LOW HITPOINT WARNING * * *
Casting: Sandblast (safe; 1% risk of failure)
Confirm with . or Enter, or press ? or * to list all spells.
Aiming: Sandblast (safe; 1% risk of failure)
Press: ? - help, Shift-Dir - straight line, f/p - kobold brigand
Aim: a kobold brigand, wielding a +0 short sword, wearing the +2 robe of Snakes and Ladders {rC+ rN+ Regen+ Int-2 Dex+4} and quivering curare-tipped darts (almost dead, poisoned, 79% to hit)
The blast of sand misses the kobold brigand.
The kobold brigand hits you with a +0 short sword!
* * * LOW HITPOINT WARNING * * *
The kobold brigand hits you with a +0 short sword!
You die...

~~≈~~~†~~≈~~≈~~~~~~~~~~~~≈≈≈~....
≈≈≈≈≈≈≈~≈≈~≈≈≈~≈≈≈≈≈≈≈≈≈≈≈≈≈~....
≈~≈~~~~~≈≈≈~~~~≈~≈~~≈~#####≈~...)
......................#...#≈~....
#######################...#≈~P...
#......))'....#'###≈~....
#########'###....#.#.≈≈≈....
.....)...)#.#....#.#.~≈~..P.
..........#@##'###.#.≈≈~....
.........)#K#......#.~~~....
.....)..).).#......#.~≈~....
######################.#.≈≈~....
....#....#...........#.#.~≈≈....
....'....'...........))#.~≈~....
...#....#...........#'###≈~P...
######''''#############..[#≈≈....
........).............#...#≈≈....


You could see a kobold brigand (poisoned).

Vanquished Creatures
  2 howler monkeys (D:3)
  An orc priest (D:3)
  2 hounds (D:3)
  A gnoll bouda (D:3)
  Jessica (D:2)
  Natasha (twice) (D:2)
  18 gnolls
  An adder (D:2)
  3 worms
  19 orcs (D:3)
  4 bats
  2 endoplasms (D:3)
  A giant cockroach (D:2)
  4 goblins
  6 hobgoblins
  13 jackals
  2 quokkas
  6 ball pythons
  A frilled lizard (D:2)
  6 kobolds
  2 rats
97 creatures vanquished.

Notes
Turn   | Place    | Note
-------+----------+-------------------------------------------
     0 | D:1      | protoss039 the Demonspawn Earth Elementalist began the
                  | quest for the Orb.
     0 | D:1      | Reached XP level 1. HP: 13/13 MP: 3/3
   399 | D:1      | Discovered your monstrous ancestry.
   399 | D:1      | Gained mutation: Your touch may inflict minor irresistible
                  | damage on your foes. [demonic ancestry]
   399 | D:1      | Reached XP level 2. HP: 20/20 MP: 5/5
   568 | D:1      | Found a faded altar of an unknown god.
   751 | D:1      | Reached skill level 1 in Fighting
   923 | D:1      | Learned a level 2 spell: Passwall
  1099 | D:2      | Reached XP level 3. HP: 26/26 MP: 6/6
  1333 | D:2      | Noticed Natasha
  1418 | D:2      | Noticed Jessica
  1421 | D:2      | Killed Jessica
  1422 | D:2      | Gained mutation: Your touch may inflict irresistible damage
                  | on your foes. [demonic ancestry]
  1422 | D:2      | Reached XP level 4. HP: 19/33 MP: 4/8
  1694 | D:2      | Killed Natasha
  1711 | D:2      | Noticed Natasha
  1714 | D:2      | Killed Natasha
  1715 | D:2      | Reached XP level 5. HP: 27/39 MP: 6/9
  2155 | D:3      | Found a snail-covered altar of Cheibriados.
  2351 | D:3      | Reached XP level 6. HP: 46/47 MP: 11/11
  2722 | D:3      | Reached XP level 7. HP: 54/54 MP: 9/13
  2746 | D:3      | Identified the +2 robe of Snakes and Ladders {rC+ rN+
                  | Regen+ Int-2 Dex+4}
  2761 | D:3      | Slain by a kobold brigand

Illustrated notes

Levels and vault maps discovered:
D:1:      scummos_arrival_hexagon, layout_basic,
          dreamdust_ecumenical_altar_angels_and_demons
D:2:      layout_loops_ring, minmay_cupped, uniq_natasha, uniq_jessica
D:3:      lemuel_castle_with_subvaults [lemuel_castle_interior_carwin_1],
          layout_loops_ring, mainiacjoe_overflow_surrounded_room

Skill      XL: |  1  2  3  4  5  6 |
---------------+-------------------+-----
Fighting       | 1 2 3 4 |  4.1
Earth Magic    | 3 4 |  4.8
Spellcasting   | 3 4 |  4.4
Dodging        | |  1.7
Stealth        | |  1.7
Transmutations | |  0.8

Action                   |  1- 3 |  4- 6 |  7- 9 || total
-------------------------+-------+-------+-------++-------
Melee: Dagger            |    68 |    60 |     7 ||   135
       Touch             |     8 |    10 |     2 ||    20
       Punch             |       |       |     1 ||     1
 Cast: Sandblast         |    22 |    67 |    14 ||   103
  Use: Scroll            |       |     3 |       ||     3
       Potion            |       |       |     1 ||     1
 Stab: Sleeping          |     3 |     2 |       ||     5
       Distracted        |       |     1 |       ||     1
Armor: Robe              |    19 |    12 |     1 ||    32
Dodge: Dodged            |    61 |    43 |     5 ||   109
